 Dungeon Crawl Stone Soup version 0.28.0 (webtiles) character file.

Game seed: 3610385250889949664

26527 Sanktem7 the Severer (level 12, -4/115 HPs)
             Began as a Minotaur Fighter on Feb 15, 2022.
             Slain by a death yak (14 damage)
             ... on level 4 of the Lair of Beasts.
             The game lasted 00:43:17 (13146 turns).

Sanktem7 the Severer (Minotaur Fighter)            Turns: 13146, Time: 00:43:18

Health: -4/115     AC: 18    Str: 28    XL:     12   Next: 99%
Magic:  11/11      EV: 11    Int: 11    God:
Gold:   1546       SH:  4    Dex: 12    Spells: 11/11 levels left

rFire   . . .      SeeInvis .   A - +3 mace
rCold   . . .      Faith    .   c - +0 buckler
rNeg    . . .      Spirit   .   D - +4 swamp dragon scales
rPois   +          Reflect  .   (helmet restricted)
rElec   .          Harm     .   B - +2 cloak
rCorr   .          Rampage  .   (no gloves)
Will    .....                   p - +2 pair of boots
Stlth   +.........              q - amulet of regeneration
HPRegen 1.09/turn               M - ring "Exaw" {Str+4 Int+6 Slay+2}
MPRegen 0.12/turn               I - +4 ring of slaying

@: no status effects
A: horns 2, retaliatory headbutt, deformed body
a: no special abilities


You were on level 4 of the Lair of Beasts.
You visited 2 branches of the dungeon, and saw 14 of its levels.

You collected 1546 gold pieces.

Inventory:

Hand Weapons
 a - a +2 war axe
 k - a +4 scimitar of flaming
 A - a +3 mace (weapon)
Missiles
 m - 3 throwing nets
 C - 9 boomerangs (quivered)
 E - 2 silver boomerangs
Armour
 c - a +0 buckler (worn)
 f - a +0 plate armour
 p - a +2 pair of boots (worn)
 B - a +2 cloak (worn)
 D - +4 swamp dragon scales (worn)
Jewellery
 g - a ring of see invisible
 h - a ring of protection from cold
 n - a ring of fire
 q - an amulet of regeneration (around neck)
 t - a +4 ring of protection
 w - a +4 ring of evasion
 I - a +4 ring of slaying (right hand)
 M - the ring "Exaw" (left hand) {Str+4 Int+6 Slay+2}
   (You found it on level 10 of the Dungeon)

   [ring of intelligence]

   Str:       It affects your strength (+4).
   Int:       It affects your intelligence (+6).
   Slay:      It affects your accuracy & damage with ranged weapons and melee
   (+2).
 O - a ring of ice
 Q - an amulet of faith
Wands
 s - a wand of paralysis (25)
 u - a wand of polymorph (9)
 y - a wand of mindburst (25)
 F - a wand of acid (15)
 G - a wand of flame (24)
Scrolls
 b - 4 scrolls of teleportation
 i - a scroll of fear
 l - 3 scrolls of identify
 r - a scroll of amnesia
 x - 4 scrolls of summoning
 L - 4 scrolls of holy word
 N - 2 scrolls of magic mapping
 P - a scroll of fog {unknown}
Potions
 d - a potion of might
 e - 5 potions of curing
 j - 5 potions of flight
 o - 3 potions of ambrosia
 v - a potion of berserk rage {unknown}
 z - 2 potions of resistance
 H - a potion of haste {unknown}
 J - a potion of heal wounds


   Skills:
 * Level 13.0 Fighting
 - Level 16.3(16.7) Axes
 * Level 5.9(12.2) Maces & Flails
 * Level 6.5 Throwing
 * Level 13.4 Armour
 + Level 2.6 Dodging
 - Level 3.6 Shields


You had 11 spell levels left.
You didn't know any spells.
Your spell library contained the following spells:

 Spells                   Type           Power      Damage    Failure   Level
 Animate Skeleton         Necr           0%         N/A       52%         1
 Pain                     Necr           0%         1d4       52%         1
 Blink                    Tloc           0%         N/A       67%         2
 Call Canine Familiar     Summ           0%         N/A       88%         3
 Portal Projectile        Hex/Tloc       0%         N/A       88%         3
 Vampiric Draining        Necr           0%         2d6       88%         3
 Animate Armour           Summ/Erth      0%         N/A       99%         4
 Leda's Liquefaction      Hex/Erth       0%         N/A       99%         4
 Summon Lightning Spire   Summ/Air       0%         N/A       99%         4
 Blade Hands              Tmut           0%         N/A       100%        5
 Manifold Assault         Tloc           0%         N/A       100%        5
 Iron Shot                Conj/Erth      0%         9d1       100%        6
 Storm Form               Tmut/Air       0%         N/A       100%        7
 Maxwell's Capacitive Co  Air            0%         ∞         100%        8


Dungeon Overview and Level Annotations

Branches:
Dungeon (10/15)            Temple (0/1) D:7            Lair (4/6) D:10
 Shoals (0/4) Lair:2       Spider (0/4) Lair:2
    Orc: D:9-12

Altars:
Gozag
Kikubaaqudgha
Makhleb
Sif Muna
Uskayaw

Annotations:
D:4 3 runed translucent doors, Owwww's ghost, novice DsFi
D:6 1 runed translucent door, BigDaddyOpFi's ghost, novice HOMo
Lair:2 2 transporters, dolemite99's ghost, journeyman DsFi
Lair:3 2 transporters


Innate Abilities, Weirdness & Mutations

You have a pair of horns on your head.
You reflexively headbutt those who attack you in melee.
Armour fits poorly on your strangely shaped body.


Message History

* * * LOW HITPOINT WARNING * * *
The death yak gores you!
* * * LOW HITPOINT WARNING * * *
Blink to where?
Press: ? - help, Q - select action, (/) - cycle Dir - move target
As you read the scroll of blinking, it crumbles to dust.
You feel much better.
You feel much better.
You thump the death yak! You headbutt the death yak!
The death yak is heavily wounded.
The death yak gores you! The death yak closely misses you.
You sock the death yak! You headbutt the death yak!
The death yak is severely wounded.
The death yak gores you! You block the death yak's attack.
The death yak completely misses you. You furiously retaliate!
You headbutt the death yak. You barely miss the death yak.
The death yak is severely wounded.
The death yak misses you.
The death yak gores you but does no damage.
The death yak closely misses you.
You thump the death yak! You headbutt the death yak.
You kill the death yak!
Your Fighting skill increases to level 13!
You bludgeon the death yak!!
The death yak is moderately wounded.
The death yak gores you!!
* * * LOW HITPOINT WARNING * * *
The death yak gores you!
* * * LOW HITPOINT WARNING * * *
You bludgeon the death yak!!
The death yak is heavily wounded.
The death yak gores you!
* * * LOW HITPOINT WARNING * * *
The death yak closely misses you. You furiously retaliate!
You headbutt the death yak, but do no damage.
You sock the death yak!
The death yak is severely wounded.
The death yak completely misses you. The death yak gores you!
You die...

..............##
#...........#
#..........## .
##.........P#
..##...........#
..............##
..#............#
P. ###.........#
#.##........@..#
....P......Y†Y.#
#..............#
P..............#
P.P##..........#
.. ##...<.....##
#.........P#
#..........#
.............##


You could see 2 death yaks.

Vanquished Creatures
  Fannar (Lair:2)
  A hydra (Lair:2)
  A catoblepas (Lair:2)
  The ghost of Datul the Carver, a journeyman HOAK of Lugonu (D:10)
  Erica (D:9)
  3 death yaks
  2 two-headed ogres
  Nergalle (Lair:2)
  Pikel (D:9)
  A manticore (Lair:2)
  2 centaur zombies (D:10)
  A torpor snail (Lair:2)
  4 elephants
  11 cane toads
  Maggie (D:6)
  A rime drake (Lair:2)
  A komodo dragon (Lair:1)
  A wind drake (Lair:2)
  A polar bear (Lair:1)
  A troll (D:10)
  A hornet (D:10)
  8 blink frogs
  A slime creature (D:7)
  2 wraiths
  4 wyverns
  Eustachio (D:4)
  24 yaks
  Grum (D:10)
  2 basilisks (D:10)
  Menkaure (D:6)
  9 water moccasins
  2 black bears
  2 sky beasts
  2 ogres
  A necrophage (D:6)
  11 wolves
  2 centaurs (D:8)
  A phantom (D:5)
  A kobold brigand (D:6)
  4 lemures (D:9)
  7 bullfrogs
  2 gnoll sergeants
  3 scorpions
  A water moccasin zombie (D:5)
  8 killer bees
  21 wights
  2 howler monkeys
  3 jellies
  Crazy Yiuf (D:6)
  5 orc priests
  2 hounds
  2 bullfrog skeletons
  2 centaur skeletons
  5 iguanas
  Ijyb (D:5)
  3 orc wizards
  A killer bee zombie (D:7)
  2 howler monkey zombies
  10 gnolls
  6 adders
  2 dart slugs
  9 orcs
  6 endoplasms
  5 giant cockroaches
  2 goblins
  5 hobgoblins
  11 jackals
  12 kobolds
  A quokka (D:5)
  10 ball pythons
  3 bats
  5 frilled lizards
  7 rats
282 creatures vanquished.

Vanquished Creatures (others)
  18 fungi
  30 plants
48 creatures vanquished.

Grand Total: 330 creatures vanquished

Notes
Turn   | Place    | Note
-------+----------+-------------------------------------------
     0 | D:1      | Sanktem7 the Minotaur Fighter began the quest for the Orb.
     0 | D:1      | Reached XP level 1. HP: 19/19 MP: 0/0
   388 | D:1      | Reached XP level 2. HP: 21/27 MP: 1/1
   795 | D:1      | Reached skill level 3 in Axes
   795 | D:1      | Reached XP level 3. HP: 25/34 MP: 2/2
  1234 | D:2      | Found a faded altar of an unknown god.
  1915 | D:2      | Reached XP level 4. HP: 41/41 MP: 3/3
  2404 | D:3      | Found an ancient bone altar of Kikubaaqudgha.
  3025 | D:4      | Reached skill level 4 in Axes
  3162 | D:4      | Noticed Eustachio
  3193 | D:5      | Entered Level 5 of the Dungeon
  3193 | D:5      | Noticed a scorpion
  3490 | D:4      | Killed Eustachio
  3491 | D:4      | Reached skill level 5 in Fighting
  3491 | D:4      | Reached skill level 5 in Axes
  3491 | D:4      | Reached skill level 5 in Armour
  3491 | D:4      | Reached XP level 5. HP: 47/48 MP: 4/4
  3491 | D:4      | Reached XP level 6. HP: 55/56 MP: 5/5
  3627 | D:4      | Found a burning altar of Makhleb.
  3669 | D:4      | Found a runed translucent gate.
  3669 | D:4      | Found an opulent altar of Gozag.
  3669 | D:4      | Found a runed translucent gate.
  3670 | D:4      | Found a runed translucent gate.
  3679 | D:4      | Noticed a sky beast
  3679 | D:4      | Noticed Owwww's ghost (novice DsFi)
  4044 | D:5      | Reached skill level 6 in Axes
  4071 | D:5      | Reached XP level 7. HP: 42/61 MP: 6/6
  4098 | D:5      | Reached skill level 7 in Axes
  4317 | D:5      | Noticed Ijyb
  4329 | D:5      | Reached skill level 8 in Axes
  4329 | D:5      | Killed Ijyb
  4424 | D:5      | Reached skill level 1 in Dodging
  4424 | D:5      | Reached XP level 8. HP: 39/70 MP: 7/7
  4980 | D:6      | Reached skill level 9 in Axes
  5305 | D:6      | Found a runed translucent door.
  5312 | D:6      | Noticed Menkaure
  5324 | D:6      | Killed Menkaure
  5325 | D:6      | Reached skill level 10 in Axes
  5371 | D:6      | Noticed BigDaddyOpFi's ghost (novice HOMo)
  5637 | D:6      | Found a runed translucent door.
  5638 | D:6      | Noticed Crazy Yiuf
  5643 | D:6      | Killed Crazy Yiuf
  5827 | D:6      | Noticed Maggie
  5856 | D:6      | Killed Maggie
  5857 | D:6      | Reached XP level 9. HP: 57/79 MP: 8/8
  5864 | D:6      | Gained mutation: Armour fits poorly on your strangely
                  | shaped body. [potion of mutation]
  5893 | D:6      | Reached skill level 1 in Throwing
  6421 | D:7      | Reached skill level 11 in Axes
  6453 | D:7      | Found a staircase to the Ecumenical Temple.
  6635 | D:7      | Noticed a two-headed ogre
  6645 | D:7      | Killed a two-headed ogre
  6646 | D:7      | Reached skill level 12 in Axes
  7006 | D:7      | Found a flagged portal.
  7375 | D:7      | Found a shimmering blue altar of Sif Muna.
  7604 | D:8      | Reached XP level 10. HP: 90/90 MP: 9/9
  8266 | D:9      | Noticed a two-headed ogre
  8297 | D:9      | Reached skill level 13 in Axes
  8314 | D:9      | Killed a two-headed ogre
  8440 | D:9      | Noticed Pikel
  8466 | D:9      | Killed Pikel
  8543 | D:9      | Reached skill level 14 in Axes
  8543 | D:9      | Reached skill level 10 in Armour
  8651 | D:9      | Noticed Erica
  8664 | D:9      | Killed Erica
  8665 | D:9      | Reached skill level 10 in Fighting
  8718 | D:9      | Reached XP level 11. HP: 99/99 MP: 10/10
  8736 | D:9      | Found a hide-covered altar of Uskayaw.
  8778 | D:10     | Entered Level 10 of the Dungeon
  8847 | D:10     | Identified the +0 war axe "Undertaker" {flame, rPois}
  8851 | D:10     | Noticed Grum
  8893 | D:10     | Killed Grum
  9179 | D:10     | Found a staircase to the Lair.
  9287 | D:10     | Found a runed translucent gate.
  9288 | D:10     | Found a runed translucent gate.
  9298 | D:10     | Found a runed translucent gate.
  9303 | D:10     | Noticed Datul's ghost (journeyman HOAK)
  9380 | D:10     | Identified the ring "Exaw" {Str+4 Int+6 Slay+2}
  9494 | D:10     | Paralysed by a hornet for 2 turns
  9935 | D:10     | Killed Datul's ghost
  9936 | D:10     | Reached skill level 15 in Axes
 10023 | Lair:1   | Entered Level 1 of the Lair of Beasts
 10098 | Lair:1   | Reached skill level 5 in Throwing
 10347 | Lair:1   | Identified a scroll of acquirement
 10427 | Lair:1   | Acquired 803 gold pieces
 10625 | Lair:2   | Noticed Nergalle
 10646 | Lair:2   | Killed Nergalle
 10647 | Lair:2   | Reached XP level 12. HP: 87/110 MP: 11/11
 10697 | Lair:2   | Found a hole to the Spider Nest.
 10812 | Lair:2   | Found a staircase to the Shoals.
 10891 | Lair:2   | Found a transporter.
 10893 | Lair:2   | Noticed an eight-headed hydra
 10893 | Lair:2   | Noticed dolemite99's ghost (journeyman DsFi)
 10894 | Lair:2   | Noticed an eight-headed hydra
 10894 | Lair:2   | Noticed a seven-headed hydra
 10932 | Lair:2   | Noticed a death yak
 10952 | Lair:2   | Killed a death yak
 11136 | Lair:2   | Found a transporter.
 11188 | Lair:2   | Reached skill level 16 in Axes
 11207 | Lair:2   | Noticed a catoblepas
 11228 | Lair:2   | Killed a catoblepas
 11301 | Lair:2   | Noticed Fannar
 11310 | Lair:2   | Killed Fannar
 11424 | Lair:2   | Noticed a four-headed hydra
 11434 | Lair:2   | Killed a four-headed hydra
 11970 | Lair:3   | Found a transporter.
 11992 | Lair:3   | Reached skill level 1 in Maces & Flails
 12297 | Lair:3   | Found a transporter.
 12764 | Lair:3   | Reached skill level 5 in Maces & Flails
 13089 | Lair:4   | Noticed a death yak
 13089 | Lair:4   | Noticed a death yak
 13089 | Lair:4   | Noticed a death yak
 13090 | Lair:4   | Noticed a death yak
 13116 | Lair:3   | Killed a death yak
 13143 | Lair:4   | Killed a death yak
 13146 | Lair:4   | Slain by a death yak

Illustrated notes

Levels and vault maps discovered:
D:1:      minmay_arrival_plants_in_alcoves, layout_loops_ring
D:2:      layout_basic, nicolae_ecumenical_lake_church
D:3:      layout_loops_ring, mainiacjoe_overflow_six_doors_small, minivault_4
D:4:      layout_loops_ring, bloody_makhleb, ebering_ghost_gozag, uniq_eustachio
D:5:      layout_rooms, minmay_fountain_box, chequers_serial_rivers_micro_d,
          palyth_stone_intersect, uniq_ijyb
D:6:      layout_basic, ebering_ghost_reflecting_pool, lexackson_kobold_supper,
          uniq_crazy_yiuf_cottage, uniq_maggie, uniq_menkaure
D:7:      layout_loops_corners, kennysheep_mini_moat,
          minmay_temple_entry_mini_moons, enter_bailey_8, nicolae_wand_duel,
          minmay_misc_feat_square, abandoned_shop, hangedman_minor_gate_pass
D:8:      layout_cave_pools, nrook_loot_triangle
D:9:      layout_rooms, mainiacjoe_overflow_tiny_flanked, uniq_erica, uniq_pikel
D:10:     layout_cave_pods, minmay_lair_entry_grove, ebering_ghost_rock_garden,
          grunt_decor_clamped, grunt_decor_cap, minmay_holes, uniq_grum
Lair:1:   layout_hall_layers
Lair:2:   layout_chaotic_city, minmay_shoals_entry_beasts, dummy_spider_entry,
          gammafunk_ghost_berserking_beasts, st_stairs_6, lemuel_fruit_fields,
          uniq_nergalle, uniq_fannar
Lair:3:   gammafunk_cloud_chamber, layout_misc_corridors, serial_bayou_shore_b
Lair:4:   layout_gridlike

Skill      XL: |  1  2  3  4  5  6  7  8  9 10 11 12 |
---------------+-------------------------------------+-----
Armour         | 4 5 6 7 9 10 12 13 | 13.4
Fighting       | 4 5 6 7 8 10 11 13 | 13.0
Axes           | 3 5 6 8 10 12 14 15 16 | 16.3
Dodging        | 1 2 |  2.6
Throwing       | 2 4 5 6 |  6.5
Maces & Flails | 5 |  5.9
Shields        | |  3.6

Action                   |  1- 3 |  4- 6 |  7- 9 | 10-12 || total
-------------------------+-------+-------+-------+-------++-------
Melee: War axe           |    78 |    97 |   206 |   325 ||   706
       Headbutt          |     7 |    17 |    41 |   126 ||   191
       Mace              |       |       |       |   145 ||   145
Throw: Boomerang         |       |       |       |    23 ||    23
  Use: Scroll            |       |       |    15 |    12 ||    27
       Potion            |       |       |     5 |     2 ||     7
 Stab: Invisible         |       |       |     2 |       ||     2
Armor: Scale mail        |    38 |    77 |    27 |       ||   142
       Plate armour      |       |       |    60 |   188 ||   248
       Swamp dragon scal |       |       |       |   103 ||   103
       Skin              |       |       |       |     7 ||     7
Dodge: Dodged            |    41 |    66 |   104 |   279 ||   490
Block: Buckler           |    16 |    27 |    33 |   109 ||   185
